 Dungeon Crawl Stone Soup version 0.28-a0-563-gf77a47075d (webtiles) character file.

Game seed: 16043381350965959459

30 iamoutofideas the Firebug (level 3, 0/19 HPs)
             Began as a Deep Elf Fire Elementalist on Sept 30, 2021.
             Succumbed to an adder's poison
             ... on level 2 of the Dungeon.
             The game lasted 00:01:57 (1498 turns).

iamoutofideas the Firebug (DEFE)                    Turns: 1498, Time: 00:01:58

Health: 0/19       AC:  2    Str:  5    XL:     3   Next: 3%
Magic:  4/9        EV: 16    Int: 20    God:
Gold:   57         SH:  5    Dex: 15    Spells: 2/8 levels left

rFire   . . .      SeeInvis .   (no weapon)
rCold   . . .      Faith    .   (no shield)
rNeg    . . .      Spirit   .   a - +0 robe
rPois   .          Reflect  +   (no helmet)
rElec   .          Harm     .   (no cloak)
rCorr   .          Rampage  .   (no gloves)
Will    .....                   (no boots)
Stlth   ++........              b - amulet of reflection
HPRegen 0.06/turn               e - +4 ring of evasion
MPRegen 0.11/turn               (no ring)

@: brilliant, lethally poisoned (0 -> -3), very slightly contaminated
A: no striking features
a: no special abilities


You were on level 2 of the Dungeon.
You visited 1 branch of the dungeon, and saw 2 of its levels.

You collected 57 gold pieces.

Inventory:

Hand Weapons
 d - a +3 dagger
Missiles
 c - a throwing net
Armour
 a - a +0 robe (worn)
Jewellery
 b - an amulet of reflection (around neck)
 e - a +4 ring of evasion (left hand)
Scrolls
 g - a scroll of identify {unknown}


   Skills:
 + Level 2.5 Dodging
 + Level 2.8 Stealth
 * Level 3.4 Spellcasting
 + Level 1.3 Conjurations
 + Level 4.0 Fire Magic


You had 2 spell levels left.
You knew the following spells:

 Your Spells              Type           Power      Damage    Failure   Level
a - Foxfire               Conj/Fire      84%        2x1d8     4%          1
b - Scorch                Fire           58%        2d8       4%          2
c - Conjure Flame         Conj/Fire      21%        6-21      13%         3

Your spell library contained the following spells:

 Spells                   Type           Power      Damage    Failure   Level
 Inner Flame              Hex/Fire       17%        N/A       19%         3
 Gell's Gravitas          Tloc           2%         N/A       38%         3
 Teleport Other           Tloc           5%         N/A       38%         3
 Flame Wave               Conj/Fire      21%        3d6       41%         4
 Dispersal                Tloc           2%         N/A       100%        6


Dungeon Overview and Level Annotations

Branches:
Dungeon (2/15)

Altars:


Message History

Confirm with . or Enter, or press ? or * to list all spells.
You miscast Foxfire.
Nothing appears to happen.
You feel sick. You block the adder's attack.
You feel sick.
You are no longer poisoned.
The adder misses you.
Casting: Foxfire (safe; 4% risk of failure)
Confirm with . or Enter, or press ? or * to list all spells.
You conjure some foxfire!
You block the adder's attack. The adder closely misses you.
The foxfire hits the adder.
The adder is lightly wounded.
The foxfire hits the adder but does no damage.
The adder is lightly wounded.
The adder misses you.
Casting: Foxfire (safe; 4% risk of failure)
Confirm with . or Enter, or press ? or * to list all spells.
You conjure some foxfire!
The adder barely misses you.
The foxfire hits the adder.
The adder is moderately wounded.
The foxfire hits the adder.
The adder is heavily wounded.
The adder closely misses you.
Casting: Foxfire (safe; 4% risk of failure)
Confirm with . or Enter, or press ? or * to list all spells.
You conjure some foxfire!
You block the adder's attack. The adder bites you.
* * * LOW HITPOINT WARNING * * *
You are lethally poisoned!
The adder poisons you!
* * * LOW HITPOINT WARNING * * *
You feel sick.
The foxfire hits the adder.
The adder is heavily wounded.
The foxfire hits the adder.
The adder is severely wounded.
The adder completely misses you.
It was a potion of brilliance.
You feel clever all of a sudden.
* * * LOW HITPOINT WARNING * * *
You feel sick. You block the adder's attack.
You die...

#.# #.# #.# # # #.#
.#.# #.#####.... ..
##.####.#.......# .#
................###.#
.......@.S...........
.#.######.###.#.#.#.#
#.# #.#.#.#.# #.#
#.#.#.#.# #.#
#.#.....# #.#
#.###.###
.######.###.###.######
.........##.#.........
.######...#.#.#.######


You could see an adder.

Vanquished Creatures
  2 dart slugs
  3 endoplasms (D:1)
  4 goblins (D:1)
  2 hobgoblins (D:1)
  2 jackals (D:1)
  A quokka (D:1)
  3 bats (D:1)
  2 frilled lizards
  2 kobolds (D:1)
  3 rats (D:1)
24 creatures vanquished.

Vanquished Creatures (others)
  69 foxfires
69 creatures vanquished.

Grand Total: 93 creatures vanquished

Notes
Turn   | Place    | Note
-------+----------+-------------------------------------------
     0 | D:1      | iamoutofideas the Deep Elf Fire Elementalist began the
                  | quest for the Orb.
     0 | D:1      | Reached XP level 1. HP: 10/10 MP: 6/6
   477 | D:1      | Reached XP level 2. HP: 8/15 MP: 5/8
   627 | D:1      | Found a faded altar of an unknown god.
  1382 | D:2      | Reached skill level 4 in Fire Magic
  1382 | D:2      | Reached XP level 3. HP: 16/19 MP: 5/9
  1396 | D:2      | Learned a level 2 spell: Scorch
  1400 | D:2      | Learned a level 3 spell: Conjure Flame
  1498 | D:2      | Succumbed to an adder's poison

Illustrated notes

Levels and vault maps discovered:
D:1:      dpeg_arrival_castle, layout_basic, basic_ecumenical_altar
D:2:      layout_basic, minmay_puff, uniq_sigmund

Skill      XL: |  1  2 |
---------------+-------+-----
Fire Magic     | 4 |  4.0
Dodging        | |  2.5
Stealth        | |  2.8
Spellcasting   | |  3.4
Conjurations   | |  1.3

Action                   || total
-------------------------++-------
Melee: Unarmed           ||     4
 Cast: Foxfire           ||    44
  Use: Potion            ||     1
Armor: Robe              ||     3
Dodge: Dodged            ||    27
Block: Other             ||     5

Table legend: (Time is in decaauts)
 A = Elapsed time spent in this place.
 B = Non-inter-level travel time spent in this place.
 C = Inter-level travel time spent in this place.
 D = Time resting spent in this place.
 E = Time spent auto-exploring this place.
 F = Levels seen in this place.
 G = Mean time per level.
                   A        B        C        D        E       F      G
               +--------+--------+--------+--------+--------+-----+--------+
         Total |   1499 |   1494 |      5 |      0 |   1276 |   2 |  749.5 |
       Dungeon |   1499 |   1494 |      5 |      0 |   1276 |   2 |  749.5 |
               +--------+--------+--------+--------+--------+-----+--------+

Top non-repeatable levels by time:
     D:1: 1375 daAuts
     D:2: 123 daAuts
